 Dungeon Crawl Stone Soup version 0.22.1-2-g9c5b331383 (webtiles) character file.

172 Ihlosi the Sneak (level 5, 0/29 HPs)
             Began as a Kobold Enchanter on Dec 26, 2018.
             Killed by divine providence
             ... invoked by an orc priest
              (14 damage)
             ... on level 4 of the Dungeon.
             The game lasted 00:10:16 (5137 turns).

Ihlosi the Sneak (Kobold Enchanter)                 Turns: 5137, Time: 00:10:17

Health: 0/29       AC:  2    Str:  6    XL:     5   Next: 82%
Magic:  4/9        EV: 31    Int: 17    God:
Gold:   202        SH:  0    Dex: 15    Spells: 6/9 levels left

rFire    . . .     SeeInvis .   a - +1 dagger
rCold    . . .     Gourm    .   (shield restricted)
rNeg     . . .     Faith    .   b - +0 robe
rPois    .         Spirit   .   (no helmet)
rElec    .         Reflect  .   (no cloak)
rCorr    .         Harm     .   (no gloves)
MR       .....                  (no boots)
Stlth    +++.......             e - amulet of the acrobat
HPRegen  0.09/turn              (no ring)
MPRegen  0.11/turn              (no ring)

@: no status effects
A: small, carnivore
a: no special abilities


You were on level 4 of the Dungeon.
You were very full.

You visited 1 branch of the dungeon, and saw 4 of its levels.

You collected 202 gold pieces.

Inventory:

Hand Weapons
 a - a +1 dagger (weapon)
 c - a +1 whip of venom
Missiles
 n - 13 bolts
Armour
 b - a +0 robe (worn)
Jewellery
 e - an amulet of the acrobat (around neck)
Scrolls
 g - 3 scrolls of identify
 j - a scroll of immolation {unknown}
 l - 2 scrolls of fear {unknown}
Potions
 h - a potion of cancellation {unknown}
 i - a potion of curing
 k - a potion of brilliance {unknown}
 m - a potion of agility {unknown}
 o - a potion of degeneration {unknown}
Comestibles
 d - 8 rations


   Skills:
 * Level 1.2 Fighting
 * Level 3.3 Short Blades
 * Level 3.1 Dodging
 * Level 5.5 Stealth
 * Level 2.9 Spellcasting
 * Level 3.6 Hexes
 + Level 0.5 Ice Magic


You had 6 spell levels left.
You knew the following spells:

 Your Spells              Type           Power        Failure   Level  Hunger
a - Corona                Hex            ##.....      4%          1    #......
b - Ensorcelled Hibernat  Hex/Ice        #.....       12%         2    ##.....

Your spell library contained the following spells:

 Spells                   Type           Power        Failure   Level  Hunger
 Confuse                  Hex            ##......     12%         3    ###....
 Tukima's Dance           Hex            ##......     12%         3    ###....
 Dazzling Spray           Conj/Hex       #.....       26%         3    ###....


Dungeon Overview and Level Annotations

Branches:
Dungeon (4/15)
 Temple: D:4-7

Altars:


Innate Abilities, Weirdness & Mutations

You are small and have problems with some larger weapons.
You are carnivorous and can eat meat at any time.


Message History

Eat one of 3 chunks of flesh? (ye/n/q)
You eat one of the 3 chunks of flesh.
This raw flesh tastes great.
Eat one of 2 chunks of flesh? (ye/n/q)
You eat one of the 2 chunks of flesh.
This raw flesh tastes great.
Eat a chunk of flesh? (ye/n/q)
You eat the chunk of flesh.
This raw flesh tastes great.
An orc comes into view. It is wielding a flail.
The orc moves out of view.
An orc priest comes into view. It is wielding a dagger.
Your magical contamination has completely faded away.
You see here 12 gold pieces.
You now have 202 gold pieces (gained 12).
An orc priest comes into view. It is wielding a mace.
The orc priest shouts!
You hear a shout!
The orc priest shouts!
The orc priest looks encouraged for a moment.
The orc priest mumbles some strange prayers to Beogh against you.
Beogh smites you!
The orc priest calls down the wrath of Beogh upon you.
Beogh smites you!
You die...

.# #. ###. ... ##..
#.. #.# #<# #@#
##.#### #.#.....#
#.......# ##.....o#
#...o..# ###......o.
##.<......o...
#####..##...........


You could see 2 orc priests and 2 orcs.

Vanquished Creatures
  An orc wizard (D:3)
  Robin (D:2)
  5 adders
  A worm (D:3)
  A leopard gecko (D:2)
  4 orcs (D:4)
  7 giant cockroaches
  14 goblins
  8 hobgoblins
  3 jackals (D:3)
  13 kobolds
  10 bats
  3 frilled lizards
  11 rats
82 creatures vanquished.

Notes
Turn   | Place    | Note
-------+----------+-------------------------------------------
     0 | D:1      | Ihlosi the Kobold Enchanter began the quest for the Orb.
     0 | D:1      | Reached XP level 1. HP: 10/10 MP: 3/3
   375 | D:1      | Reached XP level 2. HP: 9/15 MP: 3/5
   380 | D:1      | Learned a level 2 spell: Ensorcelled Hibernation
  1051 | D:1      | Reached XP level 3. HP: 20/20 MP: 6/6
  1714 | D:2      | Noticed Robin
  1725 | D:2      | Killed Robin
  1794 | D:2      | Reached XP level 4. HP: 14/24 MP: 3/7
  2614 | D:2      | Reached skill level 5 in Stealth
  3223 | D:2      | Reached skill level 1 in Fighting
  3474 | D:2      | Reached XP level 5. HP: 29/29 MP: 5/9
  5137 | D:4      | Killed from afar by an orc priest

Skill      XL: |  1  2  3  4  5 |
---------------+----------------+-----
Short Blades   | 2 3 |  3.3
Dodging        | 3 |  3.1
Stealth        | 5 |  5.5
Fighting       | 1 |  1.2
Spellcasting   | |  2.9
Hexes          | |  3.6
Ice Magic      | |  0.5

Action                   |  1- 3 |  4- 6 || total
-------------------------+-------+-------++-------
Melee: Dagger            |   124 |   220 ||   344
 Cast: Corona            |     4 |       ||     4
       Ensorcelled Hiber |     3 |    26 ||    29
  Use: Scroll            |       |     4 ||     4
       Potion            |       |     1 ||     1
 Stab: Sleeping          |    11 |    25 ||    36
       Distracted        |     1 |       ||     1
  Eat: Chunk             |    11 |    12 ||    23
Armor: Robe              |     8 |    18 ||    26
Dodge: Dodged            |    68 |   164 ||   232
